 Dungeon Crawl Stone Soup version 0.26-a0-52-gd53d4cd058 (webtiles) character file.

Game seed: 242818880874522279

114 Derenoc the Sneak (level 4, -8/23 HPs)
             Began as a Spriggan Assassin on June 5, 2020.
             Killed from afar by Sigmund (11 damage)
             ... with a magic dart
             ... on level 2 of the Dungeon.
             The game lasted 00:02:33 (893 turns).

Derenoc the Sneak (Spriggan Assassin)                Turns: 893, Time: 00:02:34

Health: -8/23      AC:  3    Str:  8    XL:     4   Next: 66%
Magic:  5/5        EV: 18    Int: 12    God:
Gold:   88         SH:  0    Dex: 17    Spells: 3/3 levels left

rFire    . . .     SeeInvis +   a - +2 dagger
rCold    . . .     Gourm    .   (shield restricted)
rNeg     . . .     Faith    .   b - +0 robe
rPois    .         Spirit   .   (helmet restricted)
rElec    .         Reflect  .   c - +0 cloak
rCorr    .         Harm     .   (gloves unavailable)
MR       .....                  (boots unavailable)
Stlth    ++++......             (no amulet)
HPRegen  0.07/turn              (no ring)
MPRegen  0.09/turn              (no ring)

@: very quick
A: very small, unfitting armour, see invisible, herbivore, speed 3, slow
metabolism 2
a: no special abilities


You were on level 2 of the Dungeon.
You were not hungry.

You visited 1 branch of the dungeon, and saw 2 of its levels.

You collected 88 gold pieces.

Inventory:

Hand Weapons
 a - a +2 dagger (weapon)
Missiles
 d - 8 poisoned darts (quivered)
 e - 2 curare-tipped darts
Armour
 b - a +0 robe (worn)
 c - a +0 cloak (worn)
Scrolls
 g - 2 scrolls of remove curse {unknown}
 j - a scroll of fear {unknown}
 k - a scroll of enchant armour {unknown}
 l - a scroll of identify {unknown}
Potions
 h - a potion of mutation {unknown}
 i - a potion of haste {unknown}
Comestibles
 f - a ration


   Skills:
 + Level 1.9 Fighting
 + Level 3.4 Short Blades
 + Level 2.2 Throwing
 + Level 2.8 Dodging
 + Level 7.4 Stealth


You had 3 spell levels left.
You didn't know any spells.
Your spell library contained the following spells:

 Spells                   Type           Power        Failure   Level  Hunger
 Magic Dart               Conj           #...         32%         1    ##.....
 Blink                    Tloc           N/A          45%         2    ###....
 Call Imp                 Summ           #.......     45%         2    ###....
 Slow                     Hex            #.......     45%         2    ###....
 Conjure Flame            Conj/Fire      #.......     69%         3    ####...
 Mephitic Cloud           Conj/Pois/Air  #.......     69%         3    ####...


Dungeon Overview and Level Annotations

Branches:
Dungeon (2/15)

Altars:
Ashenzari
Okawaru

Annotations:
D:2 Sigmund


Innate Abilities, Weirdness & Mutations

You are very small and have problems with some larger weapons.
You are too small for most types of armour.
You have supernaturally acute eyesight. (SInv)
You are a herbivore.
You cover ground extremely quickly.
You need to consume almost no food.


Message History

You are too injured to fight recklessly!
You are too injured to fight recklessly!
You are too injured to fight recklessly!
You are too injured to fight recklessly!
You are too injured to fight recklessly!
You are too injured to fight recklessly!
You are too injured to fight recklessly!
You are too injured to fight recklessly!
You hit Sigmund but do no damage.
Sigmund is heavily wounded.
The kobold barely misses you.
Sigmund zaps a wand.
The puff of flame hits you!
* * * LOW HITPOINT WARNING * * *
You closely miss Sigmund.
Sigmund is heavily wounded.
You hit Sigmund.
Sigmund is heavily wounded.
The kobold barely misses you. Sigmund gestures at you while chanting.
The magic dart hits you!
You die...

#....## #.##.†#
#.###.######
#..........#
#.###'###..# #.# #.#
#..# ##.###.###..#
#..###_..+..######
#..###.###@......# #..#
#.# #K@.....#
...####..###+###....<..#
#....................^#
######.###....#.......#
. #........##.#########
.###.###..###
...).###.## #.....[..#
.#


You could see Sigmund and a kobold.

Vanquished Creatures
  A centaur (D:2)
  An ooze (D:1)
  A dart slug (D:2)
  A leopard gecko (D:1)
  8 bats
  A giant cockroach (D:1)
  5 goblins
  3 hobgoblins
  4 kobolds
  3 frilled lizards
  2 rats (D:1)
30 creatures vanquished.

Notes
Turn   | Place    | Note
-------+----------+-------------------------------------------
     0 | D:1      | Derenoc the Spriggan Assassin began the quest for the Orb.
     0 | D:1      | Reached XP level 1. HP: 10/10 MP: 2/2
    66 | D:1      | Reached skill level 6 in Stealth
    91 | D:1      | Reached XP level 2. HP: 10/14 MP: 3/3
   667 | D:1      | Reached XP level 3. HP: 18/18 MP: 4/4
   719 | D:2      | Noticed a centaur
   721 | D:2      | Killed a centaur
   721 | D:2      | Reached skill level 7 in Stealth
   721 | D:2      | Reached XP level 4. HP: 23/23 MP: 5/5
   840 | D:2      | Found an iron altar of Okawaru.
   849 | D:2      | Found a shattered altar of Ashenzari.
   874 | D:2      | Noticed Sigmund
   893 | D:2      | Killed from afar by Sigmund

Illustrated notes

Levels and vault maps discovered:
D:1:      sevenhm_arrival_forest_fort_small_3, layout_basic
D:2:      layout_rooms, lemuel_doored_altar, zin_scriptorium,
          overflow_temple_1_default, uniq_sigmund

Skill      XL: |  1  2  3 |
---------------+----------+-----
Stealth        | 6 7 |  7.4
Short Blades   | 3 |  3.4
Dodging        | 2 |  2.8
Fighting       | |  1.9
Throwing       | |  2.2

Action                   |  1- 3 |  4- 6 || total
-------------------------+-------+-------++-------
Melee: Dagger            |    68 |    28 ||    96
 Stab: Sleeping          |     6 |     3 ||     9
Armor: Robe              |    13 |     4 ||    17
Dodge: Dodged            |    81 |    18 ||    99

Table legend:
 A = Non-vault XP
 B = Vault XP
 C = Vault XP percentage of total XP
 D = Non-vault monster count
 E = Vault monster count
 F = Vault count percentage of total count
                 A         B        C        D         E       F
            +---------+---------+-------+---------+---------+-------
      Total |     163 |       0 |   0.0 |      30 |       0 |   0.0
            +---------+---------+-------+---------+---------+-------
        D:1 |      42 |       0 |   0.0 |      23 |       0 |   0.0
        D:2 |     121 |       0 |   0.0 |       7 |       0 |   0.0
            +---------+---------+-------+---------+---------+-------
